 Dungeon Crawl Stone Soup version 0.32-a0-470-g255bbe2f98 (webtiles) character file.

Game seed: 17471884417291613952

23 vnsknbfn the Trooper (level 2, -1/27 HPs)
             Began as a Minotaur Fighter on Feb 25, 2024.
             Succumbed to a kobold's poison
             ... on level 1 of the Dungeon.
             The game lasted 00:00:47 (681 turns).

vnsknbfn the Trooper (Minotaur Fighter)              Turns: 681, Time: 00:00:47

Health: -1/27      AC:  7    Str: 20    XL:     2   Next: 75%
Magic:  1/1        EV:  9    Int:  5    God:
Gold:   0          SH:  4    Dex:  9    Spells: 1/1 levels left

rFire   . . .        a - +0 war axe
rCold   . . .        c - +0 buckler
rNeg    . . .        b - +0 scale mail
rPois   .            (helmet restricted)
rElec   .            (no cloak)
rCorr   .            (no gloves)
SInv    .            (no boots)
Will    .....        (no amulet) Stlth
                     (no ring)
HPRegen 0.24/turn    (no ring)
MPRegen 0.07/turn

%: no passive effects
@: mighty, lethally poisoned (-1 -> -19)
A: horns 2, retaliatory headbutt
a: no special abilities


You were on level 1 of the Dungeon.
You visited 1 branch of the dungeon, and saw 1 of its levels.

Inventory:

Hand Weapons
 a - a +0 war axe (weapon)
Armour
 b - a +0 scale mail (worn)
 c - a +0 buckler (worn)
Jewellery
 i - a ring of protection from cold
Scrolls
 e - 2 scrolls of vulnerability {unknown}
 f - 2 scrolls of poison {unknown}
 g - a scroll of blinking {unknown}
 h - a scroll of immolation {unknown}
 j - a scroll of identify {unknown}


   Skills:
 + Level 3.9 Fighting
 + Level 2.8 Axes
 + Level 3.9 Armour
 + Level 1.0 Dodging
 + Level 3.9 Shields


You had one spell level left.
You didn't know any spells.
Your spell library contained the following spells:

 Spells                   Type           Power      Damage    Failure   Level
 Freeze                   Ice            0%         1d3       88%         1
 Frozen Ramparts          Ice            0%         1d1       99%         3
 Hailstorm                Conj/Ice       0%         3d5       99%         3


Dungeon Overview and Level Annotations

Branches:
Dungeon (1/15)

Altars:


Innate Abilities, Weirdness & Mutations

You have a pair of horns on your head.
You reflexively headbutt those who attack you in melee.


Message History

You slash the ball python!
You kill the ball python!
No target in view!
No target in view!
A kobold comes into view.
It is wielding a +2 short sword of venom.
The kobold shouts!
You hear a bark!
You see here a ball python corpse.
A jackal comes into view.
The jackal barks!
The kobold hits you but does no damage.
You are poisoned.
You closely miss the kobold. Your headbutt misses the kobold.
You feel very sick.
A jackal comes into view. x2
The kobold hits you but does no damage.
You are more poisoned.
The jackal moves out of view.
You barely miss the kobold.
You feel very sick.
The jackal barks!
The kobold hits you with a +2 short sword of venom.
The jackal pauses to sniff the ground.
The kobold hits you but does no damage.
You are lethally poisoned!
You feel very mighty all of a sudden.
You feel very sick.
The jackal barks!
You block the jackal's attack. The kobold hits you but does no damage.
You are more poisoned.
Unknown command.
You closely miss the kobold. You barely miss the jackal.
* * * LOW HITPOINT WARNING * * *
You feel extremely sick.
A jackal comes into view.
The jackal completely misses you. The kobold hits you but does no damage.
You slash the kobold!
You kill the kobold!
You hit the jackal.
You kill the jackal!
You die...

#### ############## #
#... #.....##......
..##...####.....##......
.........#......#.......
.........#......#.......
.h.h.h)@.#..............
..........†....#........
........................
###.....................
#.....................
.......................
........................
........................
......................


You could see 3 jackals.

Vanquished Creatures
  A dart slug (D:1)
  A bat (D:1)
  An endoplasm (D:1)
  2 goblins (D:1)
  A hobgoblin (D:1)
  3 jackals (D:1)
  5 quokkas (D:1)
  2 ball pythons (D:1)
  4 kobolds (D:1)
20 creatures vanquished.

Notes
Turn   | Place    | Note
-------+----------+-------------------------------------------
     0 | D:1      | vnsknbfn the Minotaur Fighter began the quest for the Orb.
     0 | D:1      | Reached XP level 1. HP: 19/19 MP: 0/0
    99 | D:1      | Reached XP level 2. HP: 22/27 MP: 1/1
   557 | D:1      | Reached skill level 1 in Dodging
   681 | D:1      | Succumbed to a kobold's poison

Illustrated notes

Levels and vault maps discovered:
D:1:      dpeg_arrival_another_circle, layout_basic

Skill      XL: |  1  2 |
---------------+-------+-----
Dodging        | 1 |  1.0
Fighting       | |  3.9
Axes           | |  2.8
Armour         | |  3.9
Shields        | |  3.9

Action                     || total
---------------------------++-------
  Melee: War axe           ||    45
         Headbutt          ||     1
    Use: Potion            ||     1
 Armour: Scale mail        ||    47
  Dodge: Dodged            ||    24
  Block: Buckler           ||    13

Table legend: (Time is in decaauts)
 A = Elapsed time spent in this place.
 B = Non-inter-level travel time spent in this place.
 C = Inter-level travel time spent in this place.
 D = Time resting spent in this place.
 E = Time spent auto-exploring this place.
 F = Levels seen in this place.
 G = Mean time per level.
                   A        B        C        D        E       F      G
               +--------+--------+--------+--------+--------+-----+--------+
         Total |    698 |    698 |      0 |      0 |    576 |   1 |  698.0 |
       Dungeon |    698 |    698 |      0 |      0 |    576 |   1 |  698.0 |
               +--------+--------+--------+--------+--------+-----+--------+

Top non-repeatable levels by time:
     D:1: 698 daAuts
